 Dungeon Crawl Stone Soup version bcrawl-1.12-11-gb93c957c58 (webtiles) character file.

Game seed: 18383434556794877993

8765 Bapho the Grappler (level 11, 0/104 HPs)
             Began as a Troll Monk on July 4, 2019.
             Was a Priest of Ru.
             Slain by a black bear (1 damage)
             ... on level 10 of the Dungeon.
             The game lasted 00:18:56 (9197 turns).

Bapho the Grappler (Troll Monk)                     Turns: 9197, Time: 00:18:57

Health: 0/104      AC: 16    Str: 21    XL:     11   Next: 14%
Magic:  14/14      EV:  9    Int:  7    God:    Ru [***...]
Gold:   898        SH:  7    Dex: 13    Spells: 10/10 levels left

rFire    . . .     SeeInvis .     - Unarmed
rCold    . . .     Gourm    +   m - +0 shield
rNeg     . . .     Faith    .   (armour unavailable)
rPois    .         Spirit   .   r - +2 hat
rElec    .         Reflect  .   G - +1 cloak {+Inv}
rCorr    .         Harm     .   (gloves unavailable)
MR       +....                  (boots unavailable)
Stlth    ..........             y - amulet of magic regeneration
HPRegen  0.67/turn              g - +3 ring of protection
MPRegen  0.39/turn              s - ring of protection from magic

@: about to teleport
A: large, almost no armour, unfitting armour, claws 3, fast metabolism 3,
gourmand, regeneration 1, weak 1, no stealth, hated by all, AC +9
a: Draw Out Power, Renounce Religion, Evoke Invisibility


You were on level 10 of the Dungeon.
You worshipped Ru.
Ru was most pleased with you.
You were very full.

You visited 2 branches of the dungeon, and saw 11 of its levels.
You also visited: Ossuary.

You collected 898 gold pieces.

Inventory:

Hand Weapons
 K - a +4 scimitar of flaming
Missiles
 j - 1353 stones
 t - 44 javelins (quivered)
Armour
 a - a +0 hat
 m - a +0 shield (worn)
 r - a +2 hat (worn)
 x - a +0 cloak
 G - a +1 cloak of invisibility (worn)
Jewellery
 b - an uncursed amulet of guardian spirit
 g - a +3 ring of protection (left claw)
 s - a ring of protection from magic (right claw)
 y - an amulet of magic regeneration (around neck)
 E - an uncursed ring of insulation {unknown}
 M - an uncursed ring of wizardry {unknown}
Wands
 o - a wand of disintegration (7)
 w - a wand of digging (21)
 I - a wand of random effects (5)
Scrolls
 d - a scroll of teleportation
 e - 3 scrolls of amnesia
 h - 4 scrolls of magic mapping
 i - 2 scrolls of enchant weapon {unknown}
 n - a scroll of immolation {unknown}
 p - a scroll of summoning {unknown}
 q - a scroll of fog {unknown}
 u - a scroll of noise {unknown}
 v - 8 scrolls of remove curse {unknown}
 A - a scroll of blinking {unknown}
 C - a scroll of enchant armour {unknown}
 D - a scroll of torment {unknown}
 J - a scroll of identify
Potions
 f - 2 potions of degeneration
 k - 4 potions of lignification
 l - 4 potions of brilliance
 z - 2 potions of flight
 B - a potion of might {unknown}
 F - a potion of invisibility
 H - 2 potions of curing
Comestibles
 c - 18 rations {!d}


   Skills:
 - Level 5.4 Fighting
 - Level 5.4 Dodging
 * Level 13.3 Unarmed Combat
   Level 2.0 Invocations
 + Level 5.6 Evocations


You had 10 spell levels left.
You didn't know any spells.
Your spell library was empty.

Dungeon Overview and Level Annotations

Branches:
Dungeon (10/12)            Temple (1/1) D:5            Lair (0/6) D:10
    Orc: D:8-11

Altars:
Ashenzari
Cheibriados
Dithmenos
Elyvilon
Fedhas
Gozag
Hepliaklqana
Kikubaaqudgha
Lugonu
Makhleb
Nemelex Xobeh
Okawaru
Qazlal
Ru
Sif Muna
Trog
Uskayaw
Vehumet
Wu Jian
Xom
Yredelemnul
Zin
The Shining One

Shops:
D:5 }   D:8 [

Annotations:
D:3 1 runed translucent door


Innate Abilities, Weirdness & Mutations

You cannot wear most types of armour.
Your thick skin is tough. (AC +9)
You are too large for most types of armour.
You have claws for hands.
Your metabolism is lightning-fast.
You like to eat raw meat.
Your natural rate of healing is unusually fast.
You are weak. (Str -2)
You cannot be stealthy.
You are hated by all.


Message History

You claw the crocodile!
The crocodile is moderately wounded.
The kobold hits you but does no damage.
The black bear bites the plant but does no damage.
The black bear claws the plant but does no damage. x2
The porcupine bites the plant.
The plant is destroyed!
The white ugly thing barely misses you.
You redirect the black bear's attack!
The black bear bites you but does no damage.
The black bear claws you but does no damage.
The black bear barely misses you. You block the crocodile's attack. x2
You barely miss the crocodile.
The crocodile is moderately wounded.
The kobold barely misses you. The white ugly thing kicks you.
The white ugly thing freezes you!!
* * * LOW HITPOINT WARNING * * *
You focus your will and illuminate the white ugly thing in retribution!
The black bear bites you.
You die...

P...P...P...PP.
.......P.♣.....P
....PtPPP...P..#
###........P.....
.......s.†P♣P..#
......r....P..###
.......Pr........
......)Khh#......
#####@uh#......
####tt.#######+#
................#
...§............#
.................#
.................#
.................#
.............>...#
#######..########


You could see a white ugly thing, 3 crocodiles, 2 black bears, a wolf, a
scorpion, 2 porcupines and a kobold.

Vanquished Creatures
  Harold (D:8)
  Erica (D:9)
  Pikel (D:7)
  A wolf spider (D:10)
  An ugly thing (D:7)
  Joseph (D:9)
  A kobold demonologist (D:10)
  2 trolls
  3 hippogriffs (D:9)
  2 hungry ghosts
  An acid dragon (D:8)
  2 water moccasins (D:7)
  A porcupine (D:10)
  2 sky beasts (D:4)
  An ice beast (D:6)
  An orc warrior (D:7)
  A necrophage (D:5)
  4 slaves (D:7)
  3 ogres (D:5)
  A wolf (D:10)
  The ghost of Morbidden the Ducker, an amateur FrFi (D:3)
  2 centaurs
  A big kobold (D:9)
  2 crocodiles
  Blork the orc (D:4)
  5 elf zombies
  4 bullfrogs
  A gnoll sergeant (D:7)
  An elf skeleton (D:8)
  A water moccasin skeleton (D:6)
  5 scorpions
  3 wights (D:7)
  11 killer bees
  2 howler monkeys (D:9)
  2 crimson imps
  4 hounds
  A human zombie (Ossuary)
  An orc priest (D:7)
  4 jellies
  Crazy Yiuf (D:6)
  A human skeleton (D:8)
  4 iguanas
  4 worker ants
  A big kobold zombie (Ossuary)
  2 hound zombies (Ossuary)
  4 mummies (Ossuary)
  2 worker ant zombies (D:9)
  Robin (D:2)
  4 gnolls (D:7)
  7 adders
  2 shadow imps (D:6)
  9 oozes
  An adder zombie (Ossuary)
  An adder skeleton (D:4)
  2 worms
  2 dart slugs (D:2)
  3 leopard geckos
  11 orcs
  A ball python (D:3)
  A bat zombie (D:4)
  5 giant cockroaches
  A gnoll zombie (Ossuary)
  11 goblins
  12 hobgoblins
  13 jackals
  5 quokkas
  6 bats
  3 frilled lizards
  A jackal zombie (Ossuary)
  17 kobolds
  A kobold zombie (Ossuary)
  An orc skeleton (D:8)
  An orc zombie (D:8)
  A quokka skeleton (D:4)
  5 rats
  3 rat zombies
  A fungus (D:3)
234 creatures vanquished.

Vanquished Creatures (others)
  2 plants (D:10)
  9 toadstools (D:3)
11 creatures vanquished.

Grand Total: 245 creatures vanquished

Notes
Turn   | Place    | Note
-------+----------+-------------------------------------------
     0 | D:1      | Bapho the Troll Monk began the quest for the Orb.
     0 | D:1      | Reached XP level 1. HP: 22/22 MP: 1/1
   271 | D:1      | Reached XP level 2. HP: 28/29 MP: 2/2
  1481 | D:2      | Reached XP level 3. HP: 27/36 MP: 3/3
  1739 | D:2      | Found a faded altar of an unknown god.
  1761 | D:2      | Found a sparkling altar of Nemelex Xobeh.
  1781 | D:2      | Noticed Robin
  1792 | D:2      | Killed Robin
  1797 | D:2      | Reached skill level 4 in Unarmed Combat
  2062 | D:2      | Gained mutation: Your natural rate of healing is unusually
                  | fast. [Troll growth]
  2062 | D:2      | Reached XP level 4. HP: 40/44 MP: 4/4
  2384 | D:3      | Found an ornate altar of the Wu Jian Council.
  2439 | D:3      | Found a runed translucent door.
  2443 | D:3      | Noticed a bullfrog
  2444 | D:3      | Noticed Morbidden's ghost (amateur FrFi)
  2462 | D:3      | Killed a bullfrog
  2462 | D:3      | Reached XP level 5. HP: 53/53 MP: 3/5
  2467 | D:3      | Killed Morbidden's ghost
  2467 | D:3      | Reached skill level 5 in Unarmed Combat
  2467 | D:3      | Reached XP level 6. HP: 61/61 MP: 3/6
  2475 | D:3      | Found a runed translucent door.
  3426 | D:4      | Noticed a sky beast
  3432 | D:4      | Killed a sky beast
  3432 | D:4      | Reached skill level 6 in Unarmed Combat
  3432 | D:4      | Reached XP level 7. HP: 68/68 MP: 7/7
  3607 | D:4      | Noticed Blork the orc
  3614 | D:4      | Killed Blork the orc
  3854 | D:4      | Found an ancient bone altar of Kikubaaqudgha.
  4118 | D:5      | Entered Level 5 of the Dungeon
  4280 | D:5      | Found Pacokub's Gadget Boutique.
  4295 | D:5      | Found a staircase to the Ecumenical Temple.
  4340 | Temple   | Entered the Ecumenical Temple
  4523 | Temple   | Became a worshipper of Ru the Awakened
  4533 | Temple   | Gained mutation: You are hated by all. [Ru sacrifice]
  4533 | Temple   | Reached * piety under Ru
  4794 | D:5      | Reached skill level 7 in Unarmed Combat
  4838 | D:5      | Reached XP level 8. HP: 79/79 MP: 8/8
  5026 | D:6      | Found a bloodstained altar of Trog.
  5094 | D:6      | Reached skill level 5 in Dodging
  5119 | D:6      | Reached skill level 8 in Unarmed Combat
  5128 | D:6      | Found a runed door.
  5233 | D:6      | Noticed a troll
  5246 | D:6      | Killed a troll
  5246 | D:6      | Reached skill level 5 in Fighting
  5808 | D:6      | Noticed Crazy Yiuf
  5812 | D:6      | Killed Crazy Yiuf
  5887 | D:7      | Reached skill level 9 in Unarmed Combat
  5887 | D:7      | Reached XP level 9. HP: 85/88 MP: 9/9
  5905 | D:7      | Noticed a brown ugly thing
  5913 | D:7      | Killed a brown ugly thing
  5913 | D:7      | Reached skill level 1 in Evocations
  6132 | D:7      | Noticed a troll
  6142 | D:7      | Killed a troll
  6144 | D:7      | Reached skill level 10 in Unarmed Combat
  6451 | D:7      | Gained mutation: You cannot be stealthy. [Ru sacrifice]
  6451 | D:7      | Reached ** piety under Ru
  6553 | D:7      | Noticed Pikel
  6565 | D:7      | Killed Pikel
  6565 | D:7      | Reached skill level 11 in Unarmed Combat
  6565 | D:7      | Reached XP level 10. HP: 66/96 MP: 11/11
  6907 | D:8      | Found Detz's Antique Armour Boutique.
  6945 | D:8      | Noticed Harold
  6975 | D:8      | HP: 4/96 [poisoned by Harold]
  6978 | D:8      | Killed Harold
  7129 | D:8      | Found a white marble altar of Elyvilon.
  7142 | D:8      | Found a snail-covered altar of Cheibriados.
  7174 | D:8      | Found a sand-covered staircase.
  7190 | Ossuary  | Entered an ossuary
  7757 | D:8      | Reached skill level 12 in Unarmed Combat
  8184 | D:9      | Found a hide-covered altar of Uskayaw.
  8187 | D:9      | Noticed a +0 dagger
  8188 | D:9      | Noticed a -1 hand axe
  8224 | D:9      | Noticed Erica
  8241 | D:9      | Killed Erica
  8297 | D:9      | Reached skill level 5 in Evocations
  8380 | D:9      | Found a hazy altar of Hepliaklqana.
  8517 | D:9      | Noticed Joseph
  8525 | D:9      | Gained mutation: You are weak. (Str -2) [Ru sacrifice]
  8525 | D:9      | Reached *** piety under Ru
  8534 | D:9      | Killed Joseph
  8936 | D:10     | Entered Level 10 of the Dungeon
  8962 | D:10     | Reached skill level 13 in Unarmed Combat
  8965 | D:10     | Reached XP level 11. HP: 88/104 MP: 13/13
  9159 | D:10     | Noticed a wolf spider
  9163 | D:10     | Killed a wolf spider
  9177 | D:10     | Found a staircase to the Lair.
  9177 | D:10     | Noticed a white ugly thing
  9192 | D:10     | Noticed a sun demon
  9197 | D:10     | HP: 1/104 [white ugly thing (34)]
  9197 | D:10     | Slain by a black bear

Skill      XL: |  1  2  3  4  5  6  7  8  9 10 |
---------------+-------------------------------+-----
Unarmed Combat | 4 5 6 7 9 11 13 | 13.3
Fighting       | 3 4 5 |  5.4
Dodging        | 3 4 5 |  5.4
Evocations     | 3 5 |  5.6
Stealth        | 0 |  0.0
Invocations    | |  2.0

Action                   |  1- 3 |  4- 6 |  7- 9 | 10-12 || total
-------------------------+-------+-------+-------+-------++-------
Melee: Unarmed           |    98 |   128 |   185 |   261 ||   672
       Punch             |       |     4 |     6 |     2 ||    12
Throw: Stone             |     2 |     1 |    55 |     5 ||    63
       Javelin           |     9 |    67 |     8 |    55 ||   139
       Tomahawk          |       |       |    77 |       ||    77
Invok: Sacrifice Love    |       |       |     1 |       ||     1
       Sacrifice Stealth |       |       |     1 |       ||     1
       Sacrifice Purity  |       |       |       |     1 ||     1
  Use: Scroll            |       |     6 |       |     8 ||    14
       Potion            |       |     2 |     2 |     3 ||     7
 Stab: Sleeping          |     3 |     1 |       |       ||     4
       Distracted        |     1 |       |       |     1 ||     2
       Invisible         |       |       |     1 |     2 ||     3
  Eat: Chunk             |    18 |     9 |    27 |    15 ||    69
Armor: Skin              |    31 |    40 |    81 |   177 ||   329
Dodge: Dodged            |    55 |    48 |   117 |   152 ||   372
Block: Shield            |       |       |       |   101 ||   101
